 Dungeon Crawl Stone Soup version 0.29.1-12-g30fa7ad0bf (webtiles) character file.

Game seed: 17726371174622723932

53 112233 the Trooper (level 3, 0/29 HPs)
             Began as a Mummy Fighter on Dec 18, 2022.
             Was an Initiate of Ru.
             Slain by a gnoll
             ... wielding a +0 spear
              (3 damage)
             ... on level 2 of the Dungeon.
             The game lasted 00:01:19 (1581 turns).

112233 the Trooper (Mummy Fighter)                  Turns: 1581, Time: 00:01:20

Health: 0/29       AC:  6    Str: 19    XL:     3   Next: 62%
Magic:  3/3        EV:  5    Int:  9    God:    Ru [......]
Gold:   124        SH: 11    Dex: 11    Spells: 2/2 levels left

rFire   x . .      SeeInvis .   a - +0 long sword
rCold   + . .      Faith    .   e - +0 tower shield
rNeg    + + +      Spirit   .   b - +0 scale mail
rPois   ∞          Reflect  .   (no helmet)
rElec   .          Harm     .   (no cloak)
rCorr   .          Rampage  .   (no gloves)
Will    .....                   (no boots)
Stlth   ..........              (no amulet)
HPRegen 0.09/turn               (no ring)
MPRegen 0.08/turn               (no ring)

@: silenced
A: cold resistance 1, negative energy resistance 3, torment resistance 2, heat
vulnerability 1, in touch with death 1, no potions
a: Renounce Religion


You were on level 2 of the Dungeon.
You worshipped Ru.
Ru was noncommittal.
You visited 1 branch of the dungeon, and saw 2 of its levels.

You collected 124 gold pieces.

Inventory:

Hand Weapons
 a - a +0 long sword (weapon)
Armour
 b - a +0 scale mail (worn)
 c - a +0 buckler
 e - a +0 tower shield (worn)
Jewellery
 d - an amulet of regeneration
 f - a +4 ring of evasion
Scrolls
 g - a scroll of immolation {unknown}
 i - 2 scrolls of identify {unknown}
 j - a scroll of teleportation {unknown}
 k - a scroll of fear {unknown}
 l - a scroll of noise {unknown}


   Skills:
 + Level 3.4 Fighting
 + Level 2.1 Long Blades
 + Level 2.8 Armour
 + Level 2.8 Shields


You had 2 spell levels left.
You didn't know any spells.
Your spell library was empty.

Dungeon Overview and Level Annotations

Branches:
Dungeon (2/15)

Altars:
Ru


Innate Abilities, Weirdness & Mutations

You are immune to poison.
Your flesh is cold resistant. (rC+)
You are immune to negative energy. (rN+++)
You are immune to unholy pain and torment.
You are vulnerable to heat. (rF-)
You are in touch with the powers of death.
You do not drink.


Message History

The gnoll moves out of view.
There are monsters nearby!
You barely miss the gnoll. The gnoll barely misses you.
The gnoll hits you but does no damage. You block the gnoll's attack.
There are monsters nearby!
You hit the gnoll but do no damage. You block the gnoll's attack.
The gnoll hits you from afar with a +0 spear.
You block the gnoll's attack. x2
The gnoll hits you from afar with a +0 spear!
There are monsters nearby!
You hit the gnoll.
The gnoll is lightly wounded.
You block the gnoll's attack.
The gnoll hits you from afar with a +0 spear.
The gnoll hits you with a +0 flail.
There are monsters nearby!
You are too injured to fight recklessly!
You are too injured to fight recklessly!
You can't drink.
Unknown command.
As you read the scroll labelled GIETIFFEUKH, it crumbles to dust.
A profound silence engulfs you.
It was a scroll of silence.
The gnoll hits you with a +0 spear.
The gnoll hits you from afar with a +0 spear.
* * * LOW HITPOINT WARNING * * *
The gnoll hits you but does no damage.
Magic scrolls do not work when you're silenced!
You block the gnoll's attack. x3
You block the gnoll's attack. x2
Unknown command.
You are too injured to fight recklessly!
You are too injured to fight recklessly!
You are too injured to fight recklessly!
You barely miss the gnoll. You hit the gnoll.
The gnoll is heavily wounded.
The gnoll hits you with a +0 spear.
* * * LOW HITPOINT WARNING * * *
The gnoll hits you from afar with a +0 spear.
You die...

...##.#.. ..
#####.### ......#
####..# #[.# #
#..####.##.
#.....#.##.#
##......##.#####
####.####.#.@.# #
#.# ##.#g#g#.#
#.###.....g#.##...
#........(........
##.......#.#......
#.......#........
#...##.##.#.#.#..
#...............#
##..#..###. #....


You could see 3 gnolls.

Vanquished Creatures
  An adder (D:2)
  2 dart slugs
  3 bats
  4 endoplasms
  3 giant cockroaches
  3 goblins
  3 hobgoblins
  4 jackals (D:1)
  2 quokkas (D:1)
  5 ball pythons
  2 frilled lizards (D:1)
  A kobold (D:2)
  2 rats
35 creatures vanquished.

Notes
Turn   | Place    | Note
-------+----------+-------------------------------------------
     0 | D:1      | 112233 the Mummy Fighter began the quest for the Orb.
     0 | D:1      | Reached XP level 1. HP: 18/18 MP: 1/1
   248 | D:1      | Reached XP level 2. HP: 20/24 MP: 2/2
   357 | D:1      | Found a faded altar of an unknown god.
   696 | D:1      | Prayed at the altar of an unknown god.
   696 | D:1      | Became a worshipper of Ru the Awakened
  1324 | D:2      | Gained mutation: You are in touch with the powers of death.
                  | [Mummy growth]
  1324 | D:2      | Reached XP level 3. HP: 28/29 MP: 3/3
  1581 | D:2      | Slain by a gnoll

Illustrated notes

Levels and vault maps discovered:
D:1:      psy_arrival_radial02, layout_loops_ring, basic_ecumenical_altar,
          minmay_misc_feat_cross, wander_ebering_terrifying_dragon_lair
D:2:      layout_basic

Skill      XL: |  1  2 |
---------------+-------+-----
Long Blades    | 2 |  2.1
Fighting       | |  3.4
Armour         | |  2.8
Shields        | |  2.8

Action                   || total
-------------------------++-------
Melee: Long sword        ||   104
Invok: Reject Sacrifices ||     1
  Use: Scroll            ||     1
Armor: Scale mail        ||    66
Dodge: Dodged            ||    17
Block: Tower shield      ||   102
       Buckler           ||     1
